 Dungeon Crawl Stone Soup version 0.27-a0-59-gfbafd837a3 (webtiles) character file.

Game seed: 17079507416743729662

193 Borgoz the Shield-Bearer (level 6, 0/42 HPs)
             Began as a Halfling Fighter on Jan 8, 2021.
             Succumbed to an orc wizard's poison
             ... on level 4 of the Dungeon.
             The game lasted 00:02:58 (3163 turns).

Borgoz the Shield-Bearer (Halfling Fighter)         Turns: 3163, Time: 00:02:58

Health: 0/42       AC:  7    Str: 18    XL:     6   Next: 2%
Magic:  6/6        EV:  9    Int:  6    God:
Gold:   219        SH: 10    Dex: 15    Spells: 5/5 levels left

rFire    . . .     SeeInvis .   a - +1 long sword
rCold    . . .     Faith    .   c - +0 kite shield
rNeg     . . .     Spirit   .   b - +0 scale mail
rPois    .         Reflect  .   (no helmet)
rElec    .         Harm     .   (no cloak)
rCorr    .         Rampage  .   (no gloves)
Will     .....                  (no boots)
Stlth    ..........             (no amulet)
HPRegen  0.14/turn              (no ring)
MPRegen  0.10/turn              (no ring)

@: lethally poisoned (0 -> -8)
A: small, mutation resistance 1
a: no special abilities


You were on level 4 of the Dungeon.
You visited 1 branch of the dungeon, and saw 4 of its levels.

You collected 219 gold pieces.

Inventory:

Hand Weapons
 a - a +1 long sword (weapon)
 d - a +2 dagger of venom
Armour
 b - a +0 scale mail (worn)
 c - a +0 kite shield (worn)
Scrolls
 e - 2 scrolls of identify {unknown}
 f - a scroll of amnesia {unknown}
 g - 3 scrolls of enchant weapon
 j - 2 scrolls of teleportation {unknown}
 k - a scroll of enchant armour {unknown}
 l - a scroll of blinking {unknown}
 n - a scroll of magic mapping {unknown}
 o - 2 scrolls of immolation {unknown}
 p - a scroll of remove curse {unknown}


   Skills:
 + Level 3.4 Fighting
 * Level 3.9 Long Blades
 + Level 4.1 Armour
 + Level 4.2 Shields


You had 5 spell levels left.
You didn't know any spells.
Your spell library was empty.

Dungeon Overview and Level Annotations

Branches:
Dungeon (4/15)
 Temple: D:4-7

Altars:
Sif Muna
Uskayaw


Innate Abilities, Weirdness & Mutations

You are small and have problems with some larger weapons.
You are somewhat resistant to further mutation.


Message History

* * * LOW HITPOINT WARNING * * *
You feel sick.
You have reached level 6!
Your experience leads to an increase in your attributes!
Increase (S)trength, (I)ntelligence, or (D)exterity?
You feel stronger.
* * * LOW HITPOINT WARNING * * *
You feel sick.
Items here: $ ))) [ †.
d - a +2 dagger of venom You now have 219 gold pieces (gained 9).
* * * LOW HITPOINT WARNING * * *
You feel sick.
* * * LOW HITPOINT WARNING * * *
You feel sick.
* * * LOW HITPOINT WARNING * * *
You feel sick.
* * * LOW HITPOINT WARNING * * *
You feel sick.
You die...

#
#.####
#....#
#@#
#.#
#.#
#.#
#[#
#.#
#.#
#.#
#.#


There were no monsters in sight!

Vanquished Creatures
  A scorpion (D:3)
  An orc wizard (D:4)
  3 adders (D:2)
  An ooze (D:1)
  3 worms
  2 dart slugs
  4 leopard geckos
  4 orcs
  A ball python (D:1)
  4 giant cockroaches
  3 goblins
  7 hobgoblins
  3 jackals (D:2)
  2 quokkas (D:3)
  6 bats
  5 frilled lizards
  7 kobolds
  7 rats
64 creatures vanquished.

Notes
Turn   | Place    | Note
-------+----------+-------------------------------------------
     0 | D:1      | Borgoz the Halfling Fighter began the quest for the Orb.
     0 | D:1      | Reached XP level 1. HP: 15/15 MP: 1/1
   315 | D:1      | Reached XP level 2. HP: 20/20 MP: 2/2
  1027 | D:1      | Reached XP level 3. HP: 21/25 MP: 3/3
  1705 | D:2      | You fall into a shaft and drop 1 floor!
  1914 | D:3      | Found a hide-covered altar of Uskayaw.
  1996 | D:3      | Reached XP level 4. HP: 31/31 MP: 4/4
  2343 | D:2      | Found a shimmering blue altar of Sif Muna.
  2595 | D:2      | Reached XP level 5. HP: 36/36 MP: 5/5
  3158 | D:4      | Reached XP level 6. HP: 5/42 MP: 6/6
  3161 | D:4      | HP: 2/42 [poisoned by an orc wizard]
  3163 | D:4      | Succumbed to an orc wizard's poison

Illustrated notes

Levels and vault maps discovered:
D:1:      dpeg_arrival_rhombus, layout_basic
D:2:      layout_loops_cross, overflow_temple_1_default
D:3:      layout_loops_ring, old_standard_altar, serial_glass, glass_columns_b,
          glass_columns_b
D:4:      layout_loops_ring, uniq_ijyb, uniq_eustachio

Skill      XL: |  1  2  3  4  5 |
---------------+----------------+-----
Fighting       | 3 |  3.4
Long Blades    | 3 |  3.9
Shields        | 4 |  4.2
Armour         | 4 |  4.1

Action                   |  1- 3 |  4- 6 || total
-------------------------+-------+-------++-------
Melee: Long sword        |   110 |   123 ||   233
  Use: Scroll            |     1 |       ||     1
       Potion            |       |     8 ||     8
Armor: Scale mail        |    53 |    46 ||    99
Dodge: Dodged            |    44 |    37 ||    81
Block: Kite shield       |    73 |    72 ||   145
       Rpst.: Long sword |    14 |    13 ||    27

Table legend: (Time is in decaauts)
 A = Elapsed time spent in this place.
 B = Non-inter-level travel time spent in this place.
 C = Inter-level travel time spent in this place.
 D = Time resting spent in this place.
 E = Time spent auto-exploring this place.
 F = Levels seen in this place.
 G = Mean time per level.
                   A        B        C        D        E       F      G
               +--------+--------+--------+--------+--------+-----+--------+
         Total |   3251 |   3141 |    110 |    660 |   1947 |   4 |  812.8 |
       Dungeon |   3251 |   3141 |    110 |    660 |   1947 |   4 |  812.8 |
               +--------+--------+--------+--------+--------+-----+--------+

Top non-repeatable levels by time:
     D:1: 1329 daAuts
     D:2: 1083 daAuts
     D:3: 768 daAuts
     D:4: 69 daAuts
